 Dungeon Crawl Stone Soup version 0.29-a0-221-gceb61267dd (webtiles) character file.

Game seed: 7461853325113791647

155 shoop the Shooter (level 5, -4/29 HPs)
             Began as a Deep Elf Arcane Marksman on Feb 26, 2022.
             Was a Follower of Uskayaw.
             Slain by a scorpion (5 damage)
             ... on level 3 of the Dungeon.
             The game lasted 00:04:56 (2300 turns).

shoop the Shooter (Deep Elf Arcane Marksman)        Turns: 2300, Time: 00:04:57

Health: -4/29      AC:  7    Str: 13    XL:     5   Next: 14%
Magic:  10/10      EV: 13    Int: 20    God:    Uskayaw [*.....]
Gold:   46         SH:  0    Dex: 15    Spells: 0/8 levels left

rFire   . . .      SeeInvis .   a - +0 shortbow
rCold   . . .      Faith    +   (shield currently unavailable)
rNeg    . . .      Spirit   .   b - +0 robe
rPois   .          Reflect  .   (no helmet)
rElec   .          Harm     .   h - +2 cloak
rCorr   .          Rampage  .   o - +0 pair of gloves
Will    .....                   c - +0 pair of boots
Stlth   ++........              k - amulet of faith
HPRegen 0.09/turn               l - +6 ring of strength
MPRegen 0.12/turn               (no ring)

@: no status effects
A: no striking features
a: Renounce Religion, Stomp


You were on level 3 of the Dungeon.
You worshipped Uskayaw.
Uskayaw was noncommittal.
You visited 1 branch of the dungeon, and saw 4 of its levels.

You collected 158 gold pieces.
You spent 112 gold pieces at shops.

Inventory:

Hand Weapons
 a - a +0 shortbow (weapon)
Armour
 b - a +0 robe (worn)
 c - a +0 pair of boots (worn)
 h - a +2 cloak (worn)
 o - a +0 pair of gloves (worn)
Jewellery
 f - a ring of fire
 k - an amulet of faith (around neck)
 l - a +6 ring of strength (left hand)
Wands
 i - a wand of paralysis (5)
Scrolls
 d - a scroll of blinking {unknown}
 e - 2 scrolls of teleportation {unknown}
 j - a scroll of enchant weapon {unknown}
 r - a scroll of acquirement {unknown}
 u - a scroll of magic mapping {unknown}
Potions
 g - a potion of resistance {unknown}
 m - a potion of curing
 n - a potion of heal wounds
 p - a potion of berserk rage {unknown}
 q - a potion of lignification {unknown}
 s - a potion of attraction {unknown}
 t - a potion of brilliance {unknown}


   Skills:
 - Level 1.0 Fighting
 - Level 5.0 Bows
 - Level 3.0 Dodging
 - Level 3.0 Stealth
 - Level 2.0 Spellcasting
 - Level 4.0 Hexes
 + Level 0.5 Invocations
 - Level 2.0 Evocations


You couldn't memorise any spells.
You knew the following spells:

 Your Spells              Type           Power      Damage    Failure   Level
a - Slow                  Hex            72%        N/A       3%          1
b - Inner Flame           Hex/Fire       10%        N/A       21%         3
f - Cause Fear            Hex            9%         N/A       30%         4

Your spell library contained the following spells:

 Spells                   Type           Power      Damage    Failure   Level
 Portal Projectile        Hex/Tloc       20%        N/A       21%         3


Dungeon Overview and Level Annotations

Branches:
Dungeon (4/15)
 Temple: D:4-7

Altars:
Elyvilon
Uskayaw
Wu Jian

Shops:
D:2 !   D:3 =

Annotations:
D:4 exclusion: ogre


Message History

You feel sick.
* * * LOW HITPOINT WARNING * * *
You feel sick.
You are too injured to fight recklessly!
You are too injured to fight recklessly!
Shoot: a) +0 shortbow
Press: ? - help, Shift-Dir - straight line, f/p - scorpion
Aim: a scorpion (slow, 60% to hit)
You shoot an arrow.
The arrow hits the scorpion but does no damage.
* * * LOW HITPOINT WARNING * * *
You feel sick.
Shoot: a) +0 shortbow
Press: ? - help, Shift-Dir - straight line, f/p - scorpion
Aim: a scorpion (slow, 60% to hit)
You shoot an arrow. The arrow hits the scorpion!
The scorpion is moderately wounded.
* * * LOW HITPOINT WARNING * * *
You feel sick. The scorpion closely misses you.
Shoot: a) +0 shortbow
Press: ? - help, Shift-Dir - straight line, f/p - scorpion
Aim: a scorpion (moderately wounded, slow, 60% to hit)
You shoot an arrow. The arrow barely misses the scorpion.
* * * LOW HITPOINT WARNING * * *
You feel sick.
The scorpion stings you but does no damage.
Unknown command.
Unknown command.
Unknown command.
Unknown command.
Shoot: a) +0 shortbow
Press: ? - help, Shift-Dir - straight line, f/p - scorpion
Aim: a scorpion (moderately wounded, slow, 60% to hit)
You shoot an arrow.
The arrow completely misses the scorpion.
* * * LOW HITPOINT WARNING * * *
You feel sick.
You are no longer poisoned.
The scorpion stings you.
You die...

#..≈.# ##.#............#
###≈≈.#####.(.####.####..#
#.+..∩..+.....##.....##.##
#####.###.≈≈###.#.#.......#.#
.......)#.≈#.##.#.#.......#.#
#####..##'##.##......._.....# #
#..##.##.##...#.......#.# #
#..[.....##.#.#.......#.# #
##>........s@.##.....##.## #
###########..####.####..# # ###
#.............####
############.#######.#####.#.##.#
..............# #.# #.......
############.#######.##########.#
#......##.....[.......
######.##.............
#.###.#########.#


You could see a scorpion (slow).

Vanquished Creatures
  An orc priest (D:3)
  A gnoll shaman (D:3)
  A gnoll (D:4)
  An adder (D:2)
  2 worms
  2 dart slugs (D:2)
  4 orcs (D:3)
  7 endoplasms
  3 giant cockroaches
  9 goblins
  6 hobgoblins
  3 quokkas
  6 ball pythons
  6 bats
  A frilled lizard (D:2)
  4 kobolds (D:1)
  8 rats
65 creatures vanquished.

Notes
Turn   | Place    | Note
-------+----------+-------------------------------------------
     0 | D:1      | shoop the Deep Elf Arcane Marksman began the quest for the
                  | Orb.
     0 | D:1      | Reached XP level 1. HP: 11/11 MP: 5/5
   105 | D:1      | Reached skill level 1 in Fighting
   107 | D:1      | Reached skill level 3 in Bows
   107 | D:1      | Reached XP level 2. HP: 16/16 MP: 6/6
   146 | D:1      | Reached skill level 1 in Stealth
   304 | D:1      | Found a faded altar of an unknown god.
   766 | D:2      | Reached XP level 3. HP: 20/20 MP: 8/8
   872 | D:2      | Found a hide-covered altar of Uskayaw.
   904 | D:2      | Found Boicharu's Distillery.
   997 | D:2      | Reached skill level 1 in Evocations
  1086 | D:2      | Became a worshipper of Uskayaw the Reveller
  1101 | D:2      | Reached * piety under Uskayaw
  1290 | D:2      | Bought a potion of curing for 42 gold pieces
  1290 | D:2      | Bought a potion of heal wounds for 70 gold pieces
  1308 | D:3      | Reached ** piety under Uskayaw
  1386 | D:3      | Found a white marble altar of Elyvilon.
  1392 | D:3      | Reached XP level 4. HP: 25/25 MP: 9/9
  1445 | D:3      | Found an ornate altar of the Wu Jian Council.
  1473 | D:3      | Found Dimylur's Jewellery Shoppe.
  1836 | D:3      | Reached *** piety under Uskayaw
  1837 | D:3      | Reached skill level 4 in Bows
  1838 | D:3      | Reached **** piety under Uskayaw
  2046 | D:3      | Reached XP level 5. HP: 16/29 MP: 10/10
  2191 | D:4      | Noticed an ogre
  2199 | D:4      | Learned a level 4 spell: Cause Fear
  2203 | D:4      | Learned a level 3 spell: Inner Flame
  2280 | D:4      | Reached skill level 5 in Bows
  2300 | D:3      | HP: 1/29 [poisoned by a scorpion]
  2300 | D:3      | Slain by a scorpion

Illustrated notes

Levels and vault maps discovered:
D:1:      scummos_arrival_hexagon, layout_loops_ring, basic_ecumenical_altar
D:2:      layout_basic, serial_shops, nicolae_shop_behind_doors, basic_altar,
          minmay_distorted
D:3:      layout_loops_ring, nicolae_overflow_crystal_walls, old_standard_altar,
          serial_shops, nicolae_shop_hallway_plus
D:4:      minmay_bubble_buster, layout_rooms

Skill      XL: |  1  2  3  4  5 |
---------------+----------------+-----
Fighting       | 1 |  1.0
Bows           | 3 4 5 |  5.0
Spellcasting   | 2 |  2.0
Stealth        | 1 2 3 |  3.0
Dodging        | 3 |  3.0
Evocations     | 1 2 |  2.0
Hexes          | |  4.0
Invocations    | |  0.5

Action                   |  1- 3 |  4- 6 || total
-------------------------+-------+-------++-------
 Fire: Shortbow          |   102 |    55 ||   157
 Cast: Slow              |       |     4 ||     4
Armor: Robe              |     2 |     4 ||     6
Dodge: Dodged            |    26 |    18 ||    44

Table legend: (Time is in decaauts)
 A = Elapsed time spent in this place.
 B = Non-inter-level travel time spent in this place.
 C = Inter-level travel time spent in this place.
 D = Time resting spent in this place.
 E = Time spent auto-exploring this place.
 F = Levels seen in this place.
 G = Mean time per level.
                   A        B        C        D        E       F      G
               +--------+--------+--------+--------+--------+-----+--------+
         Total |   2351 |   2139 |    212 |     96 |   1643 |   4 |  587.8 |
       Dungeon |   2351 |   2139 |    212 |     96 |   1643 |   4 |  587.8 |
               +--------+--------+--------+--------+--------+-----+--------+

Top non-repeatable levels by time:
     D:3: 977 daAuts
     D:1: 718 daAuts
     D:2: 616 daAuts
     D:4: 39 daAuts
